 Dungeon Crawl Stone Soup version 0.23.2-33-g5129a83184 (webtiles) character file.

Game seed: 8811716463897304638

189 torrenera the Slasher (level 5, 0/41 HPs)
             Began as a Demigod Skald on July 12, 2019.
             Slain by Grinder (1 damage)
             ... while paralysed by Grinder
             ... on level 3 of the Dungeon.
             The game lasted 00:07:25 (2066 turns).

torrenera the Slasher (Demigod Skald)               Turns: 2066, Time: 00:07:26

Health: 0/41       AC:  3    Str: 16    XL:     5   Next: 17%
Magic:  8/10       EV:  2    Int: 17    God:
Gold:   29         SH:  0    Dex: 15    Spells: 6/7 levels left

rFire    . . .     SeeInvis .   a - +0 falchion
rCold    . . .     Gourm    .   (no shield)
rNeg     . . .     Faith    .   b - +0 leather armour
rPois    .         Spirit   .   (no helmet)
rElec    .         Reflect  .   (no cloak)
rCorr    .         Harm     .   (no gloves)
MR       .....                  (no boots)
Stlth    +.........             (no amulet)
HPRegen  0.13/turn              (no ring)
MPRegen  0.12/turn              (no ring)

@: paralysed
A: high mp 1
a: no special abilities


You were on level 3 of the Dungeon.
You were not hungry.

You visited 1 branch of the dungeon, and saw 4 of its levels.

You collected 29 gold pieces.

Inventory:

Hand Weapons
 a - a +0 falchion (weapon)
 f - a +0 spear
 p - a +0 blowgun
Missiles
 j - 20 sling bullets
 k - 28 stones (quivered)
 q - 11 poisoned needles
Armour
 b - a +0 leather armour (worn)
Scrolls
 c - 5 scrolls of teleportation {unknown}
 e - a scroll of remove curse {unknown}
 h - a scroll of identify {unknown}
 m - a scroll of amnesia {unknown}
Potions
 o - a potion of mutation {unknown}
Comestibles
 d - a ration
 g - 9 chunks of flesh


   Skills:
 - Level 1.7 Fighting
 + Level 3.9 Long Blades
 + Level 2.6 Armour
 + Level 2.7 Dodging
 - Level 1.7 Spellcasting
 - Level 2.6 Charms


You had 6 spell levels left.
You knew the following spells:

 Your Spells              Type           Power        Failure   Level  Hunger
a - Infusion              Chrm           ##..         8%          1    #......

Your spell library contained the following spells:

 Spells                   Type           Power        Failure   Level  Hunger
 Song of Slaying          Chrm           ##......     12%         2    ###....
 Shroud of Golubria       Chrm/Tloc      #.........   21%         2    ###....
 Regeneration             Chrm/Necr      #.........   38%         3    ###....
 Spectral Weapon          Hex/Chrm       #.......     38%         3    ###....


Dungeon Overview and Level Annotations

Branches:
Dungeon (4/15)
 Temple: D:4-7

Shops:
D:4 *

Annotations:
D:3 Grinder


Innate Abilities, Weirdness & Mutations

You have an increased reservoir of magic. (+10% MP)


Message History

* * * LOW HITPOINT WARNING * * *
There is a stone staircase leading down here.
You feel better. The phantom hits you.
* * * LOW HITPOINT WARNING * * *
Grinder hits you.
* * * LOW HITPOINT WARNING * * *
You writhe in agony.
* * * LOW HITPOINT WARNING * * *
Unknown command.
The phantom blinks!
Grinder gestures at you.
You suddenly lose the ability to move!
Grinder says, "At least Makhleb appreciates what I'm doing."
Grinder completely misses you. Grinder hits you.
* * * LOW HITPOINT WARNING * * *
You writhe in agony.
* * * LOW HITPOINT WARNING * * *
Grinder hits you.
You die...

..... ....# #...# ...
#### # ... .. ..#
#.##.####.# #.# #
#......^..# #@# .# #.#
#.###5##.# ##'##
#....>...##
##...####.....$..#
##.....###....#...#
##......5###..#.#..#
###.........##.#._.#.#
..'.........'...#.#....
###.........##...#....##


You could see Grinder.

Vanquished Creatures
  A howler monkey (D:4)
  2 orc priests (D:4)
  2 worker ants (D:4)
  An adder (D:2)
  A worm (D:2)
  A dart slug (D:1)
  3 leopard geckos (D:1)
  An orc (D:4)
  3 giant cockroaches
  2 goblins (D:1)
  3 hobgoblins (D:1)
  2 ball pythons
  3 bats
  3 frilled lizards (D:1)
  7 kobolds
  3 rats (D:1)
38 creatures vanquished.

Notes
Turn   | Place    | Note
-------+----------+-------------------------------------------
     0 | D:1      | torrenera the Demigod Skald began the quest for the Orb.
     0 | D:1      | Reached XP level 1. HP: 17/17 MP: 5/5
    45 | D:1      | Reached skill level 2 in Long Blades
    45 | D:1      | Reached skill level 1 in Armour
   310 | D:1      | Reached XP level 2. HP: 24/24 MP: 7/7
  1481 | D:2      | Reached XP level 3. HP: 25/29 MP: 3/8
  1596 | D:2      | You fall through a shaft!
  1949 | D:3      | Noticed Grinder
  1958 | D:3      | Found a faded altar of an unknown god.
  1966 | D:4      | Found Bapnock's General Store.
  1976 | D:4      | Reached skill level 3 in Long Blades
  1981 | D:4      | Reached XP level 4. HP: 24/36 MP: 9/9
  2023 | D:4      | Reached XP level 5. HP: 7/41 MP: 10/10
  2024 | D:4      | Noticed a phantom
  2062 | D:3      | Paralysed by Grinder for 5 turns
  2065 | D:3      | HP: 2/41 [Grinder (3)]
  2066 | D:3      | Slain by Grinder

Skill      XL: |  1  2  3 |
---------------+----------+-----
Long Blades    | 2 3 |  3.9
Armour         | 1 2 |  2.6
Dodging        | 2 |  2.7
Fighting       | |  1.7
Spellcasting   | |  1.7
Charms         | |  2.6

Action                   |  1- 3 |  4- 6 || total
-------------------------+-------+-------++-------
Melee: Falchion          |    96 |    25 ||   121
       Spear             |     4 |       ||     4
Throw: Stone             |     9 |     4 ||    13
 Cast: Infusion          |     7 |     3 ||    10
  Use: Potion            |     3 |     3 ||     6
  Eat: Chunk             |     3 |     1 ||     4
Armor: Leather armour    |    29 |     5 ||    34
Dodge: Dodged            |    72 |    16 ||    88
       Rpst.: Falchion   |    22 |     5 ||    27
